 Dungeon Crawl Stone Soup version 0.29-a0-344-ge2f44be95a (webtiles) character file.

Game seed: 13178579238382331517

111 Liquorice the Bolt Thrower (level 5, 0/41 HPs)
             Began as a Formicid Hunter on Apr 21, 2022.
             Was an Initiate of Gozag.
             Slain by a gnoll
             ... wielding a +0 flail
             ... summoned by a kobold
              (12 damage)
             ... on level 3 of the Dungeon.
             The game lasted 00:09:43 (2794 turns).

Liquorice the Bolt Thrower (Formicid Hunter)        Turns: 2794, Time: 00:10:13

Health: 0/41       AC:  3    Str: 16    XL:     5   Next: 15%
Magic:  5/5        EV: 12    Int:  8    God:    Gozag
Gold:   258        SH:  0    Dex: 16    Spells: 4/4 levels left

rFire   . . .      SeeInvis +   t - +2 dagger (freeze)
rCold   . . .      Faith    .   (no shield)
rNeg    . . .      Spirit   .   b - +0 leather armour
rPois   .          Reflect  .   (helmet unavailable)
rElec   .          Harm     .   (no cloak)
rCorr   .          Rampage  .   (no gloves)
Will    .....                   (no boots)
Stlth   +.........              (no amulet)
HPRegen 0.13/turn               (no ring)
MPRegen 0.09/turn               (no ring)

@: confused, ambrosia-drunk
A: permanent stasis, dig shafts and tunnels, antennae 3, four strong arms
a: Dig, Shaft Self, Renounce Religion, Potion Petition, Call Merchant, Bribe
Branch


You were on level 3 of the Dungeon.
You worshipped Gozag.
Gozag was aware of your devotion.
You visited 1 branch of the dungeon, and saw 3 of its levels.

You collected 338 gold pieces.
You spent 80 gold pieces at shops.

Inventory:

Hand Weapons
 a - a +1 hand crossbow
 j - a +0 quarterstaff
 k - a +0 hand axe
 t - a +2 dagger of freezing (weapon)
Armour
 b - a +0 leather armour (worn)
Magical Staves
 o - a staff of fire
Jewellery
 m - the ring "Kuso Oth" {rElec rN+ Int-2 Dex+4}
   (You found it on level 2 of the Dungeon)

   [ring of positive energy]

   Int:       It affects your intelligence (-2).
   Dex:       It affects your dexterity (+4).
   rElec:     It insulates you from electricity.
   rN:        It protects you from negative energy.
 s - a ring of flight
Scrolls
 c - 2 scrolls of immolation
 f - a scroll of fog
 h - 5 scrolls of blinking {unknown}
 i - 3 scrolls of teleportation
 l - a scroll of enchant armour
 p - a scroll of enchant weapon
 q - 2 scrolls of identify
Potions
 g - a potion of flight
 n - a potion of brilliance
 r - a potion of haste {unknown}


   Skills:
 + Level 3.0 Fighting
 * Level 5.1 Crossbows
 + Level 2.3 Dodging
 + Level 2.6 Stealth


You had 4 spell levels left.
You didn't know any spells.
Your spell library contained the following spells:

 Spells                   Type           Power      Damage    Failure   Level
 Blade Hands              Tmut           0%         N/A       100%        5
 Irradiate                Conj/Tmut      0%         3d13      100%        5
 Summon Forest            Summ/Tloc      0%         N/A       100%        5
 Summon Mana Viper        Hex/Summ       0%         N/A       100%        5
 Summon Cactus Giant      Summ           0%         N/A       100%        6
 Dragon Form              Tmut           0%         N/A       100%        7


Dungeon Overview and Level Annotations

Branches:
Dungeon (3/15)

Altars:
Gozag
Ru

Shops:
D:2 [(??(


Innate Abilities, Weirdness & Mutations

You cannot be hasted, slowed, berserked, paralysed or teleported.
You can dig through walls and to a lower floor.
You have a pair of large antennae on your head. (SInv)
Your four strong arms can wield two-handed weapons with a shield.


Message History

Wisps of shadow swirl around the kobold.
The gnoll shouts!
The gnoll hits you with a +0 spear.
Your stasis prevents you from teleporting.
You barely miss the gnoll. The gnoll closely misses you.
You hit the gnoll. You freeze the gnoll.
The gnoll is lightly wounded.
The gnoll hits you but does no damage. The gnoll closely misses you.
You hit the gnoll but do no damage.
The gnoll is lightly wounded.
The gnoll hits you with a +0 club. The gnoll misses you.
The gnoll closely misses you.
You hit the gnoll. You freeze the gnoll.
The gnoll is heavily wounded.
The gnoll misses you. The gnoll closely misses you.
The gnoll hits you with a +0 flail!
* * * LOW HITPOINT WARNING * * *
It was a potion of heal wounds.
You feel much better. The gnoll hits you with a +0 club.
The gnoll hits you with a +0 flail. The gnoll barely misses you.
You barely miss the gnoll.
The gnoll is heavily wounded.
The gnoll closely misses you. The gnoll hits you with a +0 club.
* * * LOW HITPOINT WARNING * * *
The gnoll barely misses you.
You hit the gnoll but do no damage.
The gnoll is heavily wounded.
The gnoll hits you with a +0 club.
* * * LOW HITPOINT WARNING * * *
The gnoll closely misses you. The gnoll hits you with a +0 spear.
* * * LOW HITPOINT WARNING * * *
You feel much better. The gnoll barely misses you.
The gnoll hits you with a +0 flail! The gnoll hits you with a +0 spear.
You are confused.
You feel invigorated. The gnoll hits you with a +0 club.
The gnoll hits you with a +0 spear.
* * * LOW HITPOINT WARNING * * *
The gnoll hits you with a +0 flail!
You die...
Your body crumbles into a pile of gold.

.. .. ##. #.. .
.# #.# .###.. #.#
###......
####.###.......
###ggbKg...#..).
##.g@###......##
#..###.).......#
##.##.........#.#
#..#..######$.# .
##.##. ##.##
#..#{ #$$# #..# $
{ #$.# #..# $
....# #..#
$......#


You could see 4 gnolls, a bat (summoned) and a kobold.

Vanquished Creatures
  4 adders
  A worm (D:2)
  A dart slug (D:1)
  5 orcs (D:3)
  4 bats
  5 endoplasms
  A giant cockroach (D:1)
  5 goblins
  2 hobgoblins (D:3)
  8 jackals (D:2)
  3 quokkas
  9 ball pythons
  3 frilled lizards
  2 kobolds
  7 rats
60 creatures vanquished.

Vanquished Creatures (others)
  A plant (D:1)
  5 withered plants (D:1)
6 creatures vanquished.

Grand Total: 66 creatures vanquished

Notes
Turn   | Place    | Note
-------+----------+-------------------------------------------
     0 | D:1      | Liquorice the Formicid Hunter began the quest for the Orb.
     0 | D:1      | Reached XP level 1. HP: 16/16 MP: 1/1
   253 | D:1      | Reached XP level 2. HP: 16/22 MP: 2/2
   500 | D:1      | Found a faded altar of an unknown god.
   773 | D:1      | Prayed at the altar of an unknown god.
   773 | D:1      | Became a worshipper of Gozag Ym Sagoz the Greedy
   998 | D:1      | Reached XP level 3. HP: 28/28 MP: 3/3
  1283 | D:2      | Identified the ring "Kuso Oth" {rElec rN+ Int-2 Dex+4}
  1292 | D:2      | Found Reiquv's Antique Weapon Boutique.
  1338 | D:2      | Found Otzastrysch's Armour Emporium.
  1430 | D:2      | Reached XP level 4. HP: 20/34 MP: 4/4
  1845 | D:2      | Found Keusufih's Magic Scroll Boutique.
  1902 | D:2      | Found Zexkis's Antique Weapon Shop.
  2142 | D:2      | Found Xona's Magic Scroll Shop.
  2321 | D:2      | Bought a scroll of identify for 20 gold pieces
  2325 | D:2      | Bought a scroll of identify for 20 gold pieces
  2325 | D:2      | Bought a scroll of identify for 20 gold pieces
  2327 | D:2      | Bought a scroll of fog for 20 gold pieces
  2458 | D:3      | Reached skill level 5 in Crossbows
  2576 | D:3      | Found a sacrificial altar of Ru.
  2705 | D:3      | Reached XP level 5. HP: 23/41 MP: 5/5
  2794 | D:3      | Slain by a gnoll

Illustrated notes

Levels and vault maps discovered:
D:1:      dpeg_arrival_shrine, layout_loops_corners,
          shapermc_ecumenical_altar_flowoftime, minmay_domino_2
D:2:      layout_basic, serial_shops, shop, shop_statue, shop,
          nicolae_square_shop, nicolae_shop_behind_doors
D:3:      layout_rooms, hangedman_ru_absence, lightli_temple_of_fire,
          tso_oasis_becter, minmay_randomly_rotated_circles

Skill      XL: |  1  2  3  4 |
---------------+-------------+-----
Dodging        | 2 |  2.3
Stealth        | 2 |  2.6
Crossbows      | 5 |  5.1
Fighting       | 3 |  3.0

Action                   |  1- 3 |  4- 6 || total
-------------------------+-------+-------++-------
Melee: Quarterstaff      |    29 |       ||    29
       Hand crossbow     |     1 |       ||     1
       Dagger            |       |    14 ||    14
 Fire: Hand crossbow     |    85 |    67 ||   152
 Abil: Dig               |     5 |       ||     5
  Use: Scroll            |       |     6 ||     6
       Potion            |       |     3 ||     3
Armor: Leather armour    |    11 |     8 ||    19
Dodge: Dodged            |    38 |    39 ||    77

Table legend: (Time is in decaauts)
 A = Elapsed time spent in this place.
 B = Non-inter-level travel time spent in this place.
 C = Inter-level travel time spent in this place.
 D = Time resting spent in this place.
 E = Time spent auto-exploring this place.
 F = Levels seen in this place.
 G = Mean time per level.
                   A        B        C        D        E       F      G
               +--------+--------+--------+--------+--------+-----+--------+
         Total |   2850 |   2658 |    192 |    172 |   1971 |   3 |  950.0 |
       Dungeon |   2850 |   2658 |    192 |    172 |   1971 |   3 |  950.0 |
               +--------+--------+--------+--------+--------+-----+--------+

Top non-repeatable levels by time:
     D:1: 1250 daAuts
     D:2: 1137 daAuts
     D:3: 462 daAuts
